 Dungeon Crawl Stone Soup version 0.29.0-4-gdea44cf6ec (webtiles) character file.

Game seed: 10743879159576950209

196 qw the Chopper (level 5, -6/30 HPs)
             Began as a Tengu Warper on Aug 28, 2022.
             Mangled by an iguana (10 damage)
             ... on level 4 of the Dungeon.
             The game lasted 00:00:18 (2947 turns).

qw the Chopper (Tengu Warper)                       Turns: 2947, Time: 00:00:19

Health: -6/30      AC: 16    Str: 19    XL:     5   Next: 74%
Magic:  9/9        EV:  9    Int: 20    God:
Gold:   266        SH:  0    Dex: 18    Spells: 8/8 levels left

rFire   + . .      SeeInvis +   Y - +0 hand axe (protect)
rCold   + . .      Faith    .   (no shield)
rNeg    . . .      Spirit   .   a - +0 chain mail of the Midnight Sun {Will+ Int+3 SInv}
rPois   .          Reflect  .   e - +1 hat "Xoafuexy" {Int+4 Dex+4}
rElec   .          Harm     .   b - scarf {rC+ rF+}
rCorr   .          Rampage  .   (no gloves)
Will    +....                   (boots unavailable)
Stlth   ..........              i - amulet of the acrobat
HPRegen 0.10/turn               c - +6 ring of strength
MPRegen 0.11/turn               (no ring)

@: under a protective aura, flying quickly and evasively, quick
A: beak, talons 3, nimble flight
a: no special abilities


You were on level 4 of the Dungeon.
You visited 1 branch of the dungeon, and saw 4 of its levels.

You collected 266 gold pieces.


Innate Abilities, Weirdness & Mutations

You have a beak for a mouth.
You have claws for feet.
Your magical nature lets you fly swiftly and evasively.


   Skills:
 - Level 2.0 Fighting
 + Level 6.0 Axes
 - Level 1.0 Throwing
 - Level 2.0 Armour
 - Level 2.1 Dodging
 - Level 2.0 Spellcasting
 - Level 2.4 Translocations


You had 8 spell levels left.
You didn't know any spells.
Your spell library contained the following spells:

 Spells                   Type           Power      Damage    Failure   Level
 Blink                    Tloc           22%        N/A       75%         2
 Gell's Gravitas          Tloc           11%        N/A       92%         3
 Lesser Beckoning         Tloc           11%        N/A       92%         3
 Teleport Other           Tloc           11%        N/A       92%         3
 Manifold Assault         Tloc           11%        N/A       100%        5

Inventory:

Hand Weapons
 j - a +0 whip
 Y - a +0 hand axe of protection (weapon)
Armour
 a - the +0 chain mail of the Midnight Sun (worn) {Will+ Int+3 SInv}
   (You acquired it on level 1 of the Dungeon)

   Int:       It affects your intelligence (+3).
   SInv:      It lets you see invisible.
   Will:      It increases your willpower.
 b - a scarf of resistance (worn)
 e - the +1 hat "Xoafuexy" (worn) {Int+4 Dex+4}
   (You acquired it on level 1 of the Dungeon)

   Int:       It affects your intelligence (+4).
   Dex:       It affects your dexterity (+4).
Jewellery
 c - a +6 ring of strength (left hand)
 i - an amulet of the acrobat (around neck)
Scrolls
 h - a scroll of identify
Potions
 d - a potion of haste
 f - 3 potions of curing
 g - a potion of flight {unknown}
 l - a potion of resistance {unknown}

Dungeon Overview and Level Annotations

Branches:
Dungeon (4/15)
 Temple: D:4-7

Altars:

Annotations:
D:3 1 runed translucent door, qw's ghost, amateur TeWr


Message History

You kill the gnoll!
The gnoll hits you but does no damage.
Your Armour skill increases to level 2!
A gnoll comes into view. It is wielding a +0 halberd.
Found a scroll of identify.
The gnoll shouts!
The gnoll closely misses you.
You see here a +0 whip.
You hit the gnoll but do no damage. You claw the gnoll.
The gnoll is lightly wounded.
The gnoll hits you with a +0 spear.
You hit the gnoll. Your peck misses the gnoll.
The gnoll is moderately wounded.
The gnoll hits you with a +0 spear.
You hit the gnoll. Your kick misses the gnoll.
The gnoll is heavily wounded.
The gnoll closely misses you.
You hit the gnoll but do no damage. You claw the gnoll, but do no damage.
The gnoll is heavily wounded.
The gnoll hits you but does no damage.
A worm comes into view.
You hit the gnoll but do no damage. You peck the gnoll, but do no damage.
The gnoll is heavily wounded.
The gnoll hits you from afar with a +0 halberd.
The gnoll hits you with a +0 spear.
You closely miss the gnoll. Your peck misses the gnoll.
The gnoll is heavily wounded.
You closely miss the iguana.
The gnoll hits you from afar with a +0 halberd.
The iguana bites you but does no damage.
The gnoll hits you but does no damage.
You hit the gnoll but do no damage. You claw the gnoll.
You kill the gnoll!
You hit the iguana. The gnoll barely misses you.
The iguana bites you but does no damage.
You hit the iguana. Your kick misses the iguana.
The iguana is heavily wounded.
The gnoll barely misses you. The iguana bites you!
You die...

##### # ##...## #
##.....## #
#.......###
##########.........%
....................
###................
#)@l...............
#.#................
.g.#................
....######............
...<.. ####.........
..w... ..........
?.... ..... ..... .#


You could see a worm, an iguana and a gnoll.

Vanquished Creatures
  A gnoll bouda (D:4)
  4 gnolls (D:4)
  6 adders
  A worm (D:2)
  2 dart slugs
  5 ball pythons
  7 endoplasms
  8 goblins
  8 hobgoblins
  3 jackals (D:3)
  3 kobolds
  2 quokkas
  8 bats
  6 frilled lizards
  6 rats
70 creatures vanquished.

Vanquished Creatures (others)
  A kraken (D:1)
  A ghoul (D:1)
  A minotaur (D:1)
  A draconian (D:1)
  An octopode (D:1)
  A vine stalker (D:1)
  A spriggan (D:1)
  A naga (D:1)
  An ogre (D:1)
  A gnoll (D:1)
  An orc (D:1)
  A kobold (D:1)
  10 tentacles (D:1)
22 creatures vanquished.

Grand Total: 92 creatures vanquished

Notes
Turn   | Place    | Note
-------+----------+-------------------------------------------
     0 | D:1      | qw the Tengu Warper began the quest for the Orb.
     0 | D:1      | Reached XP level 1. HP: 12/12 MP: 4/4
     0 | D:1      | Noticed a vine stalker
     0 | D:1      | Noticed a ghoul
     0 | D:1      | Noticed a naga
     0 | D:1      | Noticed an octopode
     0 | D:1      | Noticed a kraken
     0 | D:1      | Noticed a minotaur
     0 | D:1      | Noticed a spriggan
     0 | D:1      | Noticed a ghoul
     0 | D:1      | Noticed an ogre
     0 | D:1      | Noticed a draconian
     0 | D:1      | 0 ||| qw: Version: 0.1-a-89-g26bdef1
     0 | D:1      | 0 ||| qw: Game counter: 596
     0 | D:1      | 0 ||| qw: Always use a shield: true
     0 | D:1      | 0 ||| qw: God list: Okawaru
     0 | D:1      | 0 ||| qw: Allow faded altars: false
     0 | D:1      | 0 ||| qw: Do Orc after D:15 true
     0 | D:1      | 0 ||| qw: Do second Lair branch before Depths: true
     0 | D:1      | 0 ||| qw: Lair rune preference: random
     0 | D:1      | 0 ||| qw: Plans: Normal
     0 | D:1      | 0 ||| PLANNING D:1-11
     5 | D:1      | Killed a minotaur
     6 | D:1      | Killed a naga
     9 | D:1      | Killed an octopode
    10 | D:1      | Killed a vine stalker
    15 | D:1      | Killed a draconian
    20 | D:1      | Killed a spriggan
    20 | D:1      | Killed an ogre
    24 | D:1      | Killed a ghoul
    25 | D:1      | Killed a kraken
    38 | D:1      | 38 ||| Stepping ~*~*~tactically~*~*~ (stealth).
    40 | D:1      | 40 ||| Stepping ~*~*~tactically~*~*~ (stealth).
    41 | D:1      | 41 ||| Stepping ~*~*~tactically~*~*~ (stealth).
    42 | D:1      | 42 ||| Stepping ~*~*~tactically~*~*~ (stealth).
    47 | D:1      | 47 ||| Stepping ~*~*~tactically~*~*~ (stealth).
   248 | D:1      | 248 ||| Stepping ~*~*~tactically~*~*~ (stealth).
   255 | D:1      | Reached XP level 2. HP: 17/17 MP: 6/6
   256 | D:1      | Reached skill level 3 in Axes
   319 | D:1      | 319 ||| Stepping ~*~*~tactically~*~*~ (stealth).
   331 | D:1      | 331 ||| Stepping ~*~*~tactically~*~*~ (stealth).
   333 | D:1      | 333 ||| Stepping ~*~*~tactically~*~*~ (stealth).
   335 | D:1      | 335 ||| Stepping ~*~*~tactically~*~*~ (stealth).
   500 | D:1      | 500 ||| Stepping ~*~*~tactically~*~*~ (stealth).
   501 | D:1      | 501 ||| Stepping ~*~*~tactically~*~*~ (stealth).
   859 | D:1      | 859 ||| UPGRADING to +0 ring mail.
   869 | D:1      | 869 ||| DROPPING +0 leather armour.
   870 | D:1      | 870 ||| READING scroll labelled FEICSE NATWA.
   871 | D:1      | 871 ||| READING scroll labelled KOEHUU TUSHRAREH.
   872 | D:1      | 872 ||| READING scroll labelled MOLLAEJIMO.
  1002 | D:1      | 1002 ||| READING scroll labelled QUACAC WOYPSIN.
  1003 | D:1      | 1003 ||| READING scroll labelled BOALOM EFI.
  1006 | D:1      | 1006 ||| READING 3 scrolls labelled PONKIRGHYXOCH.
  1006 | D:1      | Identified 3 scrolls of acquirement
  1006 | D:1      | 1006 ||| ACQUIRING +0 chain mail of the Midnight Sun {Will+
                  | Int+3 SInv}
  1006 | D:1      | Acquired the +0 chain mail of the Midnight Sun {Will+ Int+3
                  | SInv}
  1008 | D:1      | 1008 ||| UPGRADING to +0 chain mail of the Midnight Sun
                  | {Will+ Int+3 SInv}.
  1018 | D:1      | 1018 ||| DROPPING +0 ring mail.
  1019 | D:1      | 1019 ||| READING 2 scrolls of acquirement.
  1019 | D:1      | 1019 ||| ACQUIRING scarf of resistance
  1019 | D:1      | Acquired a scarf of resistance
  1021 | D:1      | 1021 ||| UPGRADING to scarf of resistance.
  1026 | D:1      | 1026 ||| READING scroll of acquirement.
  1026 | D:1      | 1026 ||| ACQUIRING +1 hat "Xoafuexy" {Int+4 Dex+4}
  1026 | D:1      | Acquired the +1 hat "Xoafuexy" {Int+4 Dex+4}
  1028 | D:1      | 1028 ||| UPGRADING to +1 hat "Xoafuexy" {Int+4 Dex+4}.
  1033 | D:1      | 1033 ||| READING scroll labelled WOSUFF TAFEBI.
  1034 | D:1      | 1034 ||| READING scroll labelled MAGINLY SIGGEMN.
  1035 | D:1      | 1035 ||| DRINKING 2 orange potions.
  1136 | D:1      | 1136 ||| DROPPING scroll of blinking.
  1137 | D:1      | 1137 ||| DROPPING potion of ambrosia.
  1194 | D:2      | Reached XP level 3. HP: 21/21 MP: 7/7
  1213 | D:2      | 1213 ||| Stepping ~*~*~tactically~*~*~ (stealth).
  1244 | D:2      | 1244 ||| Stepping ~*~*~tactically~*~*~ (stealth).
  1246 | D:2      | 1246 ||| Stepping ~*~*~tactically~*~*~ (stealth).
  1248 | D:2      | 1248 ||| Stepping ~*~*~tactically~*~*~ (stealth).
  1250 | D:2      | 1250 ||| Stepping ~*~*~tactically~*~*~ (stealth).
  1251 | D:2      | 1251 ||| Stepping ~*~*~tactically~*~*~ (stealth).
  1288 | D:2      | Reached skill level 4 in Axes
  1300 | D:2      | 1300 ||| Stepping ~*~*~tactically~*~*~ (stealth).
  1301 | D:2      | 1301 ||| Stepping ~*~*~tactically~*~*~ (stealth).
  1362 | D:2      | 1362 ||| Stepping ~*~*~tactically~*~*~ (stealth).
  1437 | D:2      | 1437 ||| Stepping ~*~*~tactically~*~*~ (stealth).
  1471 | D:2      | 1471 ||| Stepping ~*~*~tactically~*~*~ (stealth).
  1478 | D:2      | Reached XP level 4. HP: 26/26 MP: 8/8
  1659 | D:2      | 1659 ||| Stepping ~*~*~tactically~*~*~ (stealth).
  1660 | D:2      | 1660 ||| Stepping ~*~*~tactically~*~*~ (stealth).
  1661 | D:2      | 1661 ||| Stepping ~*~*~tactically~*~*~ (stealth).
  1662 | D:2      | 1662 ||| Stepping ~*~*~tactically~*~*~ (stealth).
  1838 | D:2      | Found a faded altar of an unknown god.
  1933 | D:2      | 1933 ||| UPGRADING to amulet of the acrobat.
  1938 | D:2      | 1938 ||| READING 2 scrolls labelled OFAAS OMMYDA.
  1939 | D:2      | 1939 ||| DRINKING 2 bubbling puce potions.
  1940 | D:2      | 1940 ||| DRINKING 2 cyan potions.
  1984 | D:2      | 1984 ||| DROPPING scroll of noise.
  1985 | D:2      | 1985 ||| DROPPING potion of lignification.
  2109 | D:3      | Reached skill level 5 in Axes
  2158 | D:3      | 2158 ||| Stepping ~*~*~tactically~*~*~ (stealth).
  2257 | D:3      | 2257 ||| Stepping ~*~*~tactically~*~*~ (stealth).
  2458 | D:3      | 2458 ||| Stepping ~*~*~tactically~*~*~ (stealth).
  2550 | D:3      | 2550 ||| Stepping ~*~*~tactically~*~*~ (stealth).
  2648 | D:3      | Gained mutation: Your magical nature lets you fly swiftly
                  | and evasively. [Tengu growth]
  2648 | D:3      | Reached XP level 5. HP: 30/30 MP: 9/9
  2656 | D:3      | Found a runed translucent door.
  2656 | D:3      | Noticed qw's ghost (amateur TeWr)
  2846 | D:3      | 2846 ||| UPGRADING to +6 ring of strength.
  2847 | D:3      | 2847 ||| READING scroll labelled EPLEBB UKHLE.
  2848 | D:3      | 2848 ||| READING 2 scrolls labelled ILEOXO DIGGIXE.
  2849 | D:3      | 2849 ||| READING 2 scrolls of identify.
  2849 | D:3      | 2849 ||| IDENTIFYING glowing red potion
  2850 | D:3      | 2850 ||| DROPPING scroll of summoning.
  2863 | D:4      | 2863 ||| DROPPING +0 club.
  2915 | D:4      | 2915 ||| Stepping ~*~*~tactically~*~*~ (hiding).
  2931 | D:4      | Reached skill level 6 in Axes
  2944 | D:4      | HP: 7/30 [gnoll/+0 halberd[a gnoll bouda] (4)]
  2947 | D:4      | Mangled by an iguana

Levels and vault maps discovered:
D:1:      nicolae_arrival_kraken_aquarium_a, layout_basic
D:2:      layout_loops_cross, dilly_ecumenical_altar_fadedgnrine
D:3:      layout_loops_ring, gammafunk_ghost_grave
D:4:      layout_rooms, minmay_temple_entry_glassed_door,
          ebering_dispersal_statue_hall, uniq_natasha

Skill      XL: |  1  2  3  4  5 |
---------------+----------------+-----
Axes           | 3 4 5 6 |  6.0
Armour         | 2 |  2.0
Fighting       | |  2.0
Throwing       | |  1.0
Dodging        | |  2.1
Spellcasting   | |  2.0
Translocations | |  2.4

Action                   |  1- 3 |  4- 6 || total
-------------------------+-------+-------++-------
Melee: Hand axe          |    79 |    90 ||   169
       Kick              |    19 |    26 ||    45
       Peck              |    10 |    13 ||    23
       Punch             |       |     1 ||     1
Throw: Boomerang         |     7 |       ||     7
  Use: Scroll            |    10 |     4 ||    14
       Potion            |     1 |     2 ||     3
 Stab: Distracted        |     1 |       ||     1
Armor: Leather armour    |     9 |       ||     9
       Chain mail        |    26 |    42 ||    68
Dodge: Dodged            |    28 |    29 ||    57

Table legend:
 A = Non-vault XP
 B = Vault XP
 C = Vault XP percentage of total XP
 D = Non-vault monster count
 E = Vault monster count
 F = Vault count percentage of total count
                 A         B        C        D         E       F
            +---------+---------+-------+---------+---------+-------
      Total |     280 |       0 |   0.0 |      70 |       0 |   0.0
            +---------+---------+-------+---------+---------+-------
        D:1 |      32 |       0 |   0.0 |      22 |       0 |   0.0
        D:2 |      71 |       0 |   0.0 |      18 |       0 |   0.0
        D:3 |      65 |       0 |   0.0 |      23 |       0 |   0.0
        D:4 |     112 |       0 |   0.0 |       7 |       0 |   0.0
            +---------+---------+-------+---------+---------+-------
